 Dungeon Crawl Stone Soup version 0.21.1-1-g345015fe64 (webtiles) character file.

38635 Guthix the Spear-Bearer (level 13, -5/103 HPs)
             Began as a Demonspawn Berserker on July 26, 2018.
             Was a High Priest of Trog.
             Killed from afar by a rime drake (33 damage)
             ... with a flash freeze
             ... on level 6 of the Lair of Beasts.
             The game lasted 01:37:16 (19355 turns).

Guthix the Spear-Bearer (Demonspawn Berserker)     Turns: 19355, Time: 01:37:17

Health: -5/103     AC: 18    Str: 21    XL:     13   Next: 64%
Magic:  4/4        EV: 12    Int: 10    God:    Trog [*****.]
Gold:   859        SH:  3    Dex: 13    Spells: 12/12 levels left

rFire    + + .     SeeInvis .   s - +6 great mace (antimagic)
rCold    x . .     Gourm    .   (shield currently unavailable)
rNeg     . . .     Faith    .   p - +1 fire dragon scales
rPois    .         Spirit   .   (no helmet)
rElec    .         Reflect  +   y - +1 cloak {MR+}
rCorr    .         Harm     .   (no gloves)
MR       ++...                  (no boots)
Stlth    +.........             D - +3 amulet of reflection
HPRegen  0.27/turn              X - ring of flight
MPRegen  0.09/turn              t - ring of protection from magic

@: no status effects
A: claws 2, molten scales 2, foul stench 1, nightstalker 1, rot immunity
a: Berserk, Trog's Hand, Brothers in Arms, Burn Spellbooks, Renounce Religion,
Evoke Flight


You were on level 6 of the Lair of Beasts.
You worshipped Trog.
Trog was extremely pleased with you.
You were not hungry.

You visited 5 branches of the dungeon, and saw 19 of its levels.
You also visited: Sewer.

You collected 1273 gold pieces.
You spent 414 gold pieces at shops.

Inventory:

Hand Weapons
 e - a +3 battleaxe of venom
 s - a +6 antimagic great mace (weapon)
 B - the +6 spear of Abuse {pain, rElec rPois Int+3 Stlth+}
   (You found it on level 7 of the Dungeon)

   In the hands of one skilled in necromantic magic, it inflicts extra damage on
   living creatures.
   It affects your intelligence (+3).
   It insulates you from electricity.
   It protects you from poison.
   It makes you more stealthy.
 E - a +4 demon trident of electrocution
 G - a +5 battleaxe
 K - a +0 lajatang
 P - a +3 executioner's axe of chopping
Armour
 p - +1 fire dragon scales (worn)
 y - a +1 cloak of magic resistance (worn)
 F - a +1 cloak of poison resistance
 I - a +4 scale mail of magic resistance
Jewellery
 q - an uncursed ring of protection from magic
 t - a ring of protection from magic (right claw)
 z - an uncursed ring of protection from fire
 D - a +3 amulet of reflection (around neck)
 Q - an uncursed ring of stealth
 S - a +2 ring of protection
 X - a ring of flight (left claw)
Wands
 d - a wand of scattershot (12)
 h - a wand of acid (20)
 k - a wand of enslavement (10)
 r - a wand of digging (11)
 u - a wand of disintegration (30)
 O - a wand of random effects (28)
Scrolls
 b - a scroll of fear
 f - 4 scrolls of remove curse
 i - 6 scrolls of amnesia
 l - 2 scrolls of enchant armour
 n - 3 scrolls of enchant weapon
 o - 5 scrolls of teleportation
 v - a scroll of magic mapping {unknown}
 H - 3 scrolls of random uselessness
 J - 2 scrolls of brand weapon {unknown}
 M - a scroll of torment {unknown}
 V - a scroll of immolation {unknown}
Potions
 a - 2 potions of flight {unknown}
 g - 7 potions of lignification
 j - a potion of cancellation {unknown}
 m - a potion of berserk rage {unknown}
 w - 3 potions of haste {unknown}
 x - 2 potions of mutation {unknown}
 A - 2 potions of agility
 C - 2 potions of brilliance
 L - 2 potions of ambrosia {unknown}
 Y - a potion of curing
Books
 T - the Tome of Lucky Poisoning
   (You found it on level 2 of the Lair of Beasts)

   Spells                             Type                      Level
   a - Infusion                       Charms                       1
   b - Ignite Poison                  Fire/Transmutation/Poison    3
   c - Spider Form                    Transmutation/Poison         3
   d - Excruciating Wounds            Charms/Necromancy            5
   e - Deflect Missiles               Charms/Air                   6
   Trog disapproves of the use of such an item.
 W - a book of Flames

   Spells                             Type                      Level
   a - Flame Tongue                   Conjuration/Fire             1
   b - Throw Flame                    Conjuration/Fire             2
   c - Conjure Flame                  Conjuration/Fire             3
   d - Inner Flame                    Hexes/Fire                   3
   e - Sticky Flame                   Conjuration/Fire             4
   f - Fireball                       Conjuration/Fire             5
   Trog disapproves of the use of such an item.
Comestibles
 c - 10 rations
 N - 6 chunks of flesh


   Skills:
 + Level 10.1 Fighting
 - Level 4.7(9.9) Axes
 - Level 3.3(4.5) Maces & Flails
 + Level 12.7(13.0) Polearms
   Level 1.5 Bows
 * Level 6.9 Throwing
 * Level 11.4 Armour
 + Level 5.1 Dodging
 + Level 2.3 Stealth


You had 12 spell levels left.
You didn't know any spells.

Dungeon Overview and Level Annotations

Branches:
Dungeon (10/15)            Temple (0/1) D:4            Lair (6/6) D:10
 Shoals (1/4) Lair:3       Spider (1/4) Lair:3          Orc (1/2) D:9
  Slime: Lair:5-6

Altars:
Cheibriados
Fedhas
Gozag
Makhleb
Nemelex Xobeh
Ru
Sif Muna
Trog
Uskayaw
Vehumet
Wu Jian
Xom
Yredelemnul
Zin
Beogh

Shops:
D:4 %%   D:6 (

Annotations:
D:8 1 transporter
Orc:1 Lavandula's ghost, journeyman BaEE


Innate Abilities, Weirdness & Mutations

You have very sharp fingernails.
You are mostly covered in molten scales. (AC +3)
You may emit foul miasma when damaged in melee.
You are slightly more attuned to the shadows.
You are immune to rotting.


Message History

The rime drake bites you but does no damage. x2
The rime drake looks sick.
The ice encasing you melts away. The rime drake breathes ice at you.
The flash freeze hits you!
You feel a painful chill!
* * * LOW HITPOINT WARNING * * *
You are encased in ice.
Why would you want to do that? Why would you want to do that?
Why would you want to do that? Why would you want to do that?
You sock the rime drake!
The rime drake is heavily wounded.
The ice encasing you melts away.
The rime drake bites you but does no damage. x2
You sock the rime drake!
The rime drake is severely wounded.
The rime drake breathes ice at you. The flash freeze hits you!
You feel a painful chill!
You die...

♣♣.≈ ♣. ## . ≈≈♣≈ ♣♣(
##.##. ≈≈≈♣ .. #....
....$ ..≈♣♣l ♣#..#
..P... .♣ ♣.≈≈♣♣♣♣♣♣...#
P..... ♣...♣♣≈≈≈♣♣.≈...#
......
♣.P.†.k@≈≈≈≈†≈.####...#
♣♣♣♣P♣.♣..♣♣...†.#P...##
♣♣♣♣♣♣♣♣♣♣≈...†......
♣P...##...#. ### ####
##..###....# ##.## #..##
P..## ##..## #...#
##...# ...## ##...#
#P.## #.#..# P.. #...##
#P..# #...P# ##.P ##..#


You could see a rime drake.

Vanquished Creatures
  The ghost of dracomuter the Fighter, a journeyman HuWz of Vehumet (Lair:5)
  2 hydras
  9 death yaks (Lair:6)
  4 skeletal warriors (D:8)
  A wolf spider (Spider:1)
  Joseph (D:7)
  5 elephants (Lair:3)
  Maurice (D:9)
  3 black mambas
  Psyche (D:9)
  A molten gargoyle (Lair:4)
  7 spiny frogs
  3 komodo dragons
  4 rime drakes
  A demonic crawler (Lair:3)
  Prince Ribbit (Lair:1)
  A queen bee (shapeshifter) (D:8)
  19 blink frogs
  4 dream sheep (Lair:6)
  5 hippogriffs
  2 redbacks (Spider:1)
  36 yaks
  A tarantella (Spider:1)
  4 hogs (D:7)
  A human (D:7)
  2 basilisks
  A steam dragon (Lair:6)
  Edmund (D:4)
  9 water moccasins
  An acid dragon (Lair:6)
  4 porcupines
  2 ice beasts
  3 orc warriors
  A swamp drake (Lair:6)
  A sky beast (D:8)
  The ghost of SWATDuck the Shield-Bearer, an amateur DDFi (D:3)
  3 necrophages
  A black bear (D:8)
  2 ogres
  11 wolves
  6 centaurs
  13 crocodiles
  12 bullfrogs
  A water moccasin zombie (D:8)
  4 scorpions
  8 killer bees
  7 wights
  An electric eel (Lair:2)
  2 crimson imps
  A quasit (D:6)
  2 bullfrog zombies
  3 orc wizards
  7 hounds
  2 jellies (D:8)
  2 bullfrog skeletons
  6 orc priests
  3 iguanas
  7 hell rats (Lair:3)
  4 worker ants
  A worker ant (shapeshifter) (D:8)
  4 worker ant zombies
  7 gnolls
  11 adders
  A shadow imp (D:4)
  An ooze (D:5)
  An adder skeleton (D:4)
  3 worms
  5 dart slugs
  10 leopard geckos
  42 orcs
  11 giant cockroaches
  9 hobgoblins
  12 jackals
  5 kobolds
  5 quokkas
  2 ball pythons
  10 bats
  7 frilled lizards
  6 goblins
  A quokka zombie (D:4)
  5 rats
  4 fungi
  10 plants
425 creatures vanquished.

Vanquished Creatures (others)
  A centaur (Lair:3)
  18 fungi
  26 plants
45 creatures vanquished.

Grand Total: 470 creatures vanquished

Notes
Turn   | Place    | Note
-------+----------+-------------------------------------------
     0 | D:1      | Guthix the Demonspawn Berserker began the quest for the Orb.
     0 | D:1      | Reached XP level 1. HP: 18/18 MP: 1/1
   159 | D:1      | Gained mutation: You are partially covered in molten scales. (AC +2) [demonic ancestry]
   159 | D:1      | Reached XP level 2. HP: 18/24 MP: 2/2
   363 | D:1      | Reached skill level 3 in Polearms
   468 | D:1      | Reached ** piety under Trog
   486 | D:1      | Reached XP level 3. HP: 28/29 MP: 3/3
   505 | D:1      | You fall through a shaft!
   903 | D:2      | Gained mutation: You are immune to rotting. [demonic ancestry]
   903 | D:2      | Reached XP level 4. HP: 29/37 MP: 4/4
  1064 | D:2      | Reached skill level 4 in Polearms
  1567 | D:3      | Gained mutation: You may emit foul miasma when damaged in melee. [demonic ancestry]
  1567 | D:3      | Reached XP level 5. HP: 31/42 MP: 5/5
  1766 | D:3      | Found a snail-covered altar of Cheibriados.
  1791 | D:3      | Found a glowing drain.
  1799 | D:3      | Reached *** piety under Trog
  1819 | Sewer    | Entered a sewer
  1880 | Sewer    | Noticed a crocodile
  1889 | Sewer    | Killed a crocodile
  2032 | D:3      | Noticed SWATDuck's ghost (amateur DDFi)
  2032 | D:3      | Reached skill level 5 in Polearms
  2049 | D:3      | Killed SWATDuck's ghost
  2049 | D:3      | Reached XP level 6. HP: 27/48 MP: 6/6
  2204 | D:3      | Found a burning altar of Makhleb.
  2380 | D:3      | Found an ornate altar of the Wu Jian Council.
  2384 | D:3      | Found a bloodstained altar of Trog.
  2765 | D:4      | Found a staircase to the Ecumenical Temple.
  2951 | D:4      | Found Neiriseu's Food Emporium.
  2951 | D:4      | Found Astremnuv's Food Emporium.
  3072 | D:4      | Noticed Edmund
  3078 | D:4      | Killed Edmund
  3078 | D:4      | Reached skill level 6 in Polearms
  3078 | D:4      | Gained mutation: You have sharp fingernails. [demonic ancestry]
  3078 | D:4      | Reached XP level 7. HP: 55/55 MP: 5/7
  3237 | D:5      | Entered Level 5 of the Dungeon
  3454 | D:5      | Reached skill level 1 in Maces & Flails
  3736 | D:5      | Found a sparkling altar of Nemelex Xobeh.
  3896 | D:5      | Found a radiant altar of Vehumet.
  3956 | D:6      | Found a blossoming altar of Fedhas.
  3987 | D:6      | Found Dagawku's Antique Weapon Shop.
  4039 | D:6      | Found a basalt altar of Yredelemnul.
  4083 | D:6      | Gained mutation: You are slightly more attuned to the shadows. [demonic ancestry]
  4083 | D:6      | Reached XP level 8. HP: 54/61 MP: 8/8
  4110 | D:6      | Reached skill level 1 in Bows
  4221 | D:6      | Bought a glowing demon trident for 414 gold pieces
  4309 | D:6      | Reached **** piety under Trog
  4383 | D:6      | Reached skill level 5 in Fighting
  4441 | D:6      | Got an encrusted ring mail
  4442 | D:6      | Identified the +1 ring mail "Ferobucw" {*Contam rC- Int+8} (You found it on level 6 of the Dungeon)
  4452 | D:6      | Found a hide-covered altar of Uskayaw.
  4826 | D:7      | Found a deep blue altar of Sif Muna.
  4847 | D:7      | Found an opulent altar of Gozag.
  4881 | D:7      | Reached skill level 7 in Polearms
  4898 | D:7      | Noticed Joseph
  4908 | D:7      | Killed Joseph
  4908 | D:7      | Reached skill level 5 in Armour
  4908 | D:7      | Reached XP level 9. HP: 28/68 MP: 9/9
  5150 | D:7      | Got a brightly glowing spear
  5151 | D:7      | Identified the +6 spear of Abuse {pain, rElec rPois Int+3 Stlth+} (You found it on level 7 of the Dungeon)
  5905 | D:7      | Reached skill level 8 in Polearms
  6069 | D:8      | Reached skill level 9 in Polearms
  6281 | D:8      | Noticed a skeletal warrior
  6292 | D:8      | Killed a skeletal warrior
  6292 | D:8      | Gained mutation: You are mostly covered in molten scales. (AC +3) [demonic ancestry]
  6292 | D:8      | Reached XP level 10. HP: 77/77 MP: 10/10
  6312 | D:8      | Noticed a skeletal warrior
  6355 | D:8      | Found a transporter.
  6375 | D:8      | Found a transporter.
  6421 | D:8      | Noticed a skeletal warrior
  6424 | D:8      | Noticed a skeletal warrior
  6430 | D:8      | Killed a skeletal warrior
  6438 | D:8      | Killed a skeletal warrior
  6438 | D:8      | Reached skill level 10 in Polearms
  6443 | D:8      | Killed a skeletal warrior
  6443 | D:8      | Reached skill level 1 in Stealth
  6930 | D:8      | Found a shimmering altar of Xom.
  6930 | D:8      | Found a shimmering altar of Xom.
  6931 | D:8      | Found a shimmering altar of Xom.
  6931 | D:8      | Found a shimmering altar of Xom.
  6932 | D:8      | Found a shimmering altar of Xom.
  7310 | D:8      | Reached ***** piety under Trog
  7311 | D:8      | Found a roughly hewn altar of Beogh.
  7345 | D:8      | Received a gift from Trog
  7872 | D:8      | Noticed an orange demon
  7969 | D:9      | Noticed Psyche
  7980 | D:9      | Killed Psyche
  7980 | D:9      | Reached skill level 11 in Polearms
  8033 | D:9      | Found a glowing silver altar of Zin.
  8074 | D:9      | Found a staircase to the Orcish Mines.
  8291 | D:9      | Got an ichor-stained scale mail
  8513 | D:9      | Found a sacrificial altar of Ru.
  8543 | D:9      | Received a gift from Trog
  8615 | D:9      | Noticed Maurice
  8632 | D:9      | Killed Maurice
  8915 | Orc:1    | Entered Level 1 of the Orcish Mines
  8915 | Orc:1    | Noticed an orc knight
  8915 | Orc:1    | Noticed Lavandula's ghost (journeyman BaEE)
  8948 | D:10     | Entered Level 10 of the Dungeon
  8988 | D:10     | Gained mutation: You have very sharp fingernails. [demonic ancestry]
  8988 | D:10     | Reached XP level 11. HP: 79/84 MP: 11/11
  9269 | D:10     | Found a staircase to the Lair.
  9301 | Lair:1   | Entered Level 1 of the Lair of Beasts
  9541 | Lair:1   | Noticed Prince Ribbit
  9546 | Lair:1   | Reached skill level 12 in Polearms
  9549 | Lair:1   | Reached skill level 1 in Throwing
  9555 | Lair:1   | Killed Prince Ribbit
  9627 | Lair:1   | Received a gift from Trog
  9712 | Lair:1   | Reached skill level 1 in Axes
 10846 | Lair:2   | Found an opulent altar of Gozag.
 11081 | Lair:2   | Identified the Tome of Lucky Poisoning
 11521 | Lair:3   | Found a hole to the Spider Nest.
 11664 | Spider:1 | Entered Level 1 of the Spider Nest
 11777 | Spider:1 | Noticed a wolf spider
 11783 | Spider:1 | Killed a wolf spider
 11783 | Spider:1 | Reached XP level 12. HP: 30/94 MP: 12/12
 12459 | Lair:3   | Found a staircase to the Shoals.
 12672 | Shoals:1 | Entered Level 1 of the Shoals
 14147 | Lair:4   | Reached skill level 5 in Throwing
 14158 | Lair:4   | Noticed a four-headed hydra
 14169 | Lair:4   | Killed a four-headed hydra
 14169 | Lair:4   | Reached skill level 10 in Armour
 15501 | Lair:4   | Received a gift from Trog
 15953 | Lair:5   | Noticed dracomuter's ghost (journeyman HuWz)
 16597 | Lair:5   | Killed dracomuter's ghost
 16597 | Lair:5   | Reached XP level 13. HP: 92/101 MP: 13/13
 18020 | Lair:6   | Entered Level 6 of the Lair of Beasts
 18132 | Lair:6   | Reached skill level 5 in Dodging
 18977 | Lair:6   | Reached skill level 10 in Fighting
 19299 | Lair:6   | Received a gift from Trog
 19355 | Lair:6   | Killed from afar by a rime drake

Skill      XL: |  1  2  3  4  5  6  7  8  9 10 11 12 13 |
---------------+----------------------------------------+-----
Polearms       | 3 4 5 6 7 9 11 12 | 12.7
Armour         | 2 3 5 6 7 8 10 11 | 11.4
Dodging        | 2 3 4 5 |  5.1
Fighting       | 4 5 6 7 8 9 10 | 10.1
Maces & Flails | 2 3 |  3.3
Bows           | 1 |  1.5
Stealth        | 1 2 |  2.3
Throwing       | 3 5 6 |  6.9
Axes           | 3 4 |  4.7

Action                   |  1- 3 |  4- 6 |  7- 9 | 10-12 | 13-15 || total
-------------------------+-------+-------+-------+-------+-------++-------
Melee: Spear             |   169 |    55 |    15 |       |    67 ||   306
       Trident           |       |   115 |       |       |       ||   115
       Flail             |       |       |    67 |       |       ||    67
       Demon trident     |       |       |   109 |   687 |   122 ||   918
       Battleaxe         |       |       |       |    11 |    15 ||    26
       Executioner's axe |       |       |       |    28 |       ||    28
       Great mace        |       |       |       |       |    12 ||    12
 Fire: Shortbow          |       |       |    29 |       |       ||    29
Throw: Tomahawk          |       |       |       |    35 |    22 ||    57
Invok: Berserk           |     2 |     6 |     8 |    23 |     6 ||    45
       Burn Spellbooks   |       |     1 |       |     1 |     1 ||     3
       Trog's Hand       |       |       |       |     1 |       ||     1
 Abil: Evoke Flight      |       |       |       |       |     1 ||     1
Evoke: Wand              |       |       |       |     2 |     2 ||     4
  Use: Scroll            |       |       |    13 |    11 |     4 ||    28
       Potion            |       |       |     5 |    13 |       ||    18
 Stab: Distracted        |       |       |       |     1 |       ||     1
  Eat: Chunk             |     2 |     8 |     5 |    12 |       ||    27
       Ration            |       |     2 |     3 |    13 |     4 ||    22
Armor: Animal skin       |     4 |       |       |       |       ||     4
       Leather armour    |     2 |       |       |       |       ||     2
       Fire dragon scale |    69 |    86 |    78 |   279 |    50 ||   562
Dodge: Dodged            |    97 |    78 |    85 |   279 |    61 ||   600
Block: Other             |       |       |       |    50 |    18 ||    68
       Reflection        |       |       |       |     6 |       ||     6
